 Dungeon Crawl Stone Soup version 0.20-a0-942-ga5226df (webtiles) character file.

14 M4edhros the Sneak (level 2, -1/18 HPs)
             Began as an Octopode Artificer on Mar 31, 2017.
             Slain by a jackal (3 damage)
             ... on level 2 of the Dungeon.
             The game lasted 00:00:25 (197 turns).

M4edhros the Sneak (Octopode Artificer)              Turns: 197, Time: 00:00:26

Health: -1/18      AC:  1    Str: 11    XL:     2   Next: 45%
Magic:  4/4        EV: 13    Int: 13    God:
Gold:   39         SH:  0    Dex: 12    Spells: 1/1 levels left

rFire    . . .     SeeInvis .   a - +0 short sword
rCold    . . .     Gourm    .   (no shield)
rNeg     . . .     Faith    .   (helmet restricted)
rPois    .         Spirit   .   (no amulet)
rElec    .         Reflect  .   (no ring)
rCorr    .         Harm     .   (no ring)
MR       .....                  (no ring)
Stlth    +++.......             (no ring)
Regen    0.1/turn               (no ring)
MPRegen  0.1/turn               (no ring)
                                (no ring)
                                (no ring)

@: no status effects
A: almost no armour, stealthy swim, amphibious, 8 rings, constrict 8, camouflage
1, gelatinous body 1
a: no special abilities


You were on level 2 of the Dungeon.
You were not hungry.

You visited 1 branch of the dungeon, and saw 2 of its levels.

You collected 39 gold pieces.

Inventory:

Hand Weapons
 a - a +0 short sword (weapon)
Jewellery
 h - an uncursed ring of protection from magic {unknown}
Wands
 b - a wand of flame (13/48)
 c - a wand of enslavement (15/24)
 d - a wand of random effects (15/48)
Scrolls
 e - a scroll of noise {unknown}
 i - a scroll of identify {unknown}
 j - a scroll of fog {unknown}
Potions
 k - a potion of invisibility {unknown}
 l - a potion of lignification {unknown}
Comestibles
 f - a bread ration
 g - 2 fruits


   Skills:
 - Level 1.0 Fighting
 - Level 1.0 Short Blades
 - Level 2.0 Dodging
 + Level 3.5 Stealth
 - Level 3.2 Evocations


You had one spell level left.
You didn't know any spells.

Dungeon Overview and Level Annotations

Branches:
Dungeon (2/15)

Altars:


Innate Abilities, Weirdness & Mutations

You cannot wear most types of armour.
You are very stealthy in the water. (Stealth+)
You are amphibious.
You can wear up to eight rings at the same time.
You can use your tentacles to constrict eight enemies at once.
Your skin changes colour to match your surroundings (Stealth+).
Your rubbery body absorbs attacks. (AC +1, EV +1)


Message History

Evoke which item? (* to show all) (? for menu, Esc to quit)
Aiming: Throw Flame
Press: ? - help, Shift-Dir - straight line, f - goblin
Aim: a goblin, wielding a club The puff of flame hits the goblin.
You kill the goblin!
This wand has 13 charges left.
You start resting.
A goblin comes into view.
A goblin is nearby!
The jackal barks!
You see here 15 gold pieces.
You now have 39 gold pieces (gained 15).
The jackal bites you.
* * * LOW HITPOINT WARNING * * *
You hit the jackal. Your grab misses the jackal.
You squeeze the jackal, but do no damage.
The jackal is severely wounded.
The jackal bites you.
You die...

#.. h. #.g.......##..##.
#..#.# #...............
.....##.............##
#.#..#.........#...###.
#....#.................
#...##......).............
# #.......................
.........................
#.######..h@.......#......
# #.#.>.....##..####.
#.............###
##.##.##........# ..
#........†#.... ...
####<.##..##..#
...#......###..# ..
....##..#### #.... .....
#. #.#..#


You could see a jackal.

Vanquished Creatures
  4 hobgoblins (D:2)
  3 jackals
  A quokka (D:2)
  A bat (D:1)
  3 goblins
12 creatures vanquished.

Notes
Turn   | Place    | Note
-------+----------+-------------------------------------------
     0 | D:1      | M4edhros the Octopode Artificer began the quest for the Orb.
     0 | D:1      | Reached XP level 1. HP: 13/13 MP: 3/3
   138 | D:2      | Reached XP level 2. HP: 13/18 MP: 4/4
   197 | D:2      | Slain by a jackal

Vault maps used:
D:1:      dpeg_arrival_orchard, minmay_misc_feat_ornament
D:2:      minmay_misc_feat_pillars, bh_chokoban, uniq_terence

Skill      XL: |  1  2 |
---------------+-------+-----
Stealth        | 2 3 |  3.5
Fighting       | |  1.0
Short Blades   | |  1.0
Dodging        | |  2.0
Evocations     | |  3.2

Action                   || total
-------------------------++-------
Melee: Short sword       ||    26
       Constrict         ||     7
       Tentacles         ||     5
Evoke: Wand              ||     2
 Stab: Sleeping          ||     1
Dodge: Dodged            ||    14
